 Dungeon Crawl Stone Soup version 0.27-a0-1184-ge86db4a01e (webtiles) character file.

Game seed: 2303333011742935829

105 bande the Skirmisher (level 4, -1/29 HPs)
             Began as a Gargoyle Fighter on May 18, 2021.
             Slain by Robin
             ... wielding a +0 trident
              (2 damage)
             ... on level 3 of the Dungeon.
             The game lasted 00:04:48 (2736 turns).

bande the Skirmisher (Gargoyle Fighter)             Turns: 2736, Time: 00:04:49

Health: -1/29      AC: 12    Str: 20    XL:     4   Next: 81%
Magic:  4/4        EV:  5    Int:  8    God:
Gold:   176        SH:  9    Dex: 10    Spells: 3/3 levels left

rFire    . . .     SeeInvis .   a - +0 war axe
rCold    . . .     Faith    .   c - +0 kite shield
rNeg     + . .     Spirit   .   i - +0 chain mail
rPois    ∞         Reflect  .   (no helmet)
rElec    +         Harm     .   (no cloak)
rCorr    .         Rampage  .   (no gloves)
Will     .....                  (no boots)
Stlth    ..........             (no amulet)
HPRegen  0.09/turn              (no ring)
MPRegen  0.09/turn              (no ring)

@: mighty
A: sickness immunity, AC +3, negative energy resistance 1, electricity
resistance, torment resistance 1, petrification resistance
a: no special abilities


You were on level 3 of the Dungeon.
You visited 1 branch of the dungeon, and saw 3 of its levels.

You collected 176 gold pieces.

Inventory:

Hand Weapons
 a - a +0 war axe (weapon)
Armour
 c - a +0 kite shield (worn)
 i - a +0 chain mail (worn)
Jewellery
 f - a ring of wizardry
 g - a ring of willpower
Scrolls
 b - a scroll of holy word {unknown}
 e - a scroll of enchant weapon {unknown}
 j - a scroll of amnesia {unknown}
Potions
 d - a potion of might
 k - a potion of flight


   Skills:
 + Level 3.9 Fighting
 + Level 3.3 Axes
 + Level 3.7 Armour
 + Level 0.6 Dodging
 + Level 3.6 Shields


You had 3 spell levels left.
You didn't know any spells.
Your spell library contained the following spells:

 Spells                   Type           Power      Damage    Failure   Level
 Magic Dart               Conj           0%         1d3       100%        1
 Searing Ray              Conj           0%         3d3       100%        2
 Dazzling Flash           Conj/Hex       0%         N/A       100%        3
 Fulminant Prism          Conj/Hex       0%         3d6       100%        4
 Iskenderun's Mystic Bla  Conj/Tloc      0%         2d3       100%        4


Dungeon Overview and Level Annotations

Branches:
Dungeon (3/15)

Altars:
Makhleb
Qazlal

Annotations:
D:3 Robin


Innate Abilities, Weirdness & Mutations

You are immune to sickness and miasma.
Your stone body is resilient. (AC +3)
You are immune to poison.
You resist negative energy. (rN+)
You are resistant to electric shocks. (rElec)
You are resistant to unholy torment.
You are immune to petrification.


Message History

You closely miss the kobold.
The hobgoblin no longer looks unusually strong.
The kobold hits you with a +0 dagger.
* * * LOW HITPOINT WARNING * * *
You hit the kobold.
You kill the kobold!
The ball python bites you but does no damage.
The ball python grabs you. The ball python constricts you.
You slice the ball python!!
You kill the ball python!
Robin roars a battlecry!
The hobgoblin goes into a battle-frenzy!
You block the hobgoblin's attack.
Robin says, "Duck!"
Unknown command.
You hit the hobgoblin.
The hobgoblin is almost dead.
Robin hits you but does no damage.
The hobgoblin hits you but does no damage.
You closely miss the hobgoblin.
The hobgoblin is almost dead.
Robin hits you from afar with a +0 trident.
* * * LOW HITPOINT WARNING * * *
The hobgoblin hits you but does no damage.
You block the hobgoblin's attack. You block Robin's attack.
You barely miss the hobgoblin.
The hobgoblin is almost dead.
You block Robin's attack. You block the hobgoblin's attack.
The hobgoblin hits you but does no damage.
Robin hits you but does no damage.
You hit the hobgoblin.
You kill the hobgoblin!
Robin hits you from afar with a +0 trident.
* * * LOW HITPOINT WARNING * * *
You block the hobgoblin's attack.
You hit the hobgoblin.
The hobgoblin is severely wounded.
The hobgoblin no longer looks unusually strong.
Robin hits you from afar with a +0 trident.
You die...

#.#. .... #..#
#..# .. #..###..S
####........
#...Kg..K..# #g#
#.# #@# #.. #)#
#.# #.# #.#
#.#####.####
#..........#
####.......#
#.......####
#.#####..........#
#.............##.#


You could see Robin, a hobgoblin and a kobold.

Vanquished Creatures
  An adder (D:2)
  A worm (D:2)
  2 dart slugs
  3 orcs (D:2)
  4 ball pythons
  7 endoplasms
  4 giant cockroaches
  16 goblins
  6 hobgoblins
  9 jackals (D:1)
  4 kobolds
  3 quokkas (D:1)
  5 bats
  A frilled lizard (D:2)
  5 rats
71 creatures vanquished.

Notes
Turn   | Place    | Note
-------+----------+-------------------------------------------
     0 | D:1      | bande the Gargoyle Fighter began the quest for the Orb.
     0 | D:1      | Reached XP level 1. HP: 14/14 MP: 1/1
   188 | D:1      | Reached XP level 2. HP: 5/20 MP: 2/2
  1096 | D:1      | Reached XP level 3. HP: 24/24 MP: 3/3
  1361 | D:1      | Found a faded altar of an unknown god.
  1643 | D:2      | Found a stormy altar of Qazlal.
  1710 | D:2      | Reached XP level 4. HP: 26/29 MP: 4/4
  2569 | D:3      | Found a burning altar of Makhleb.
  2704 | D:3      | Noticed Robin
  2735 | D:3      | HP: 1/29 [Robin/+0 trident (2)]
  2736 | D:3      | Slain by Robin

Illustrated notes

Levels and vault maps discovered:
D:1:      dpeg_arrival_boxorama, layout_loops_ring, basic_ecumenical_altar,
          minmay_3d_cube
D:2:      layout_basic, basic_altar, guppyfry_early_orc_mine
D:3:      layout_loops_ring, nzn_overflow_gifts_of_might_and_magic,
          amcnicky_altar_gilded, uniq_robin

Skill      XL: |  1  2  3 |
---------------+----------+-----
Axes           | 2 3 |  3.3
Fighting       | |  3.9
Armour         | |  3.7
Dodging        | |  0.6
Shields        | |  3.6

Action                   |  1- 3 |  4- 6 || total
-------------------------+-------+-------++-------
Melee: War axe           |   128 |    80 ||   208
  Use: Scroll            |     1 |       ||     1
       Potion            |     4 |     3 ||     7
Armor: Scale mail        |    76 |     8 ||    84
       Chain mail        |       |    77 ||    77
Dodge: Dodged            |    47 |    31 ||    78
Block: Kite shield       |    81 |    53 ||   134

Table legend: (Time is in decaauts)
 A = Elapsed time spent in this place.
 B = Non-inter-level travel time spent in this place.
 C = Inter-level travel time spent in this place.
 D = Time resting spent in this place.
 E = Time spent auto-exploring this place.
 F = Levels seen in this place.
 G = Mean time per level.
                   A        B        C        D        E       F      G
               +--------+--------+--------+--------+--------+-----+--------+
         Total |   2861 |   2861 |      0 |    554 |   1745 |   3 |  953.7 |
       Dungeon |   2861 |   2861 |      0 |    554 |   1745 |   3 |  953.7 |
               +--------+--------+--------+--------+--------+-----+--------+

Top non-repeatable levels by time:
     D:1: 1679 daAuts
     D:2: 919 daAuts
     D:3: 262 daAuts
